 Dungeon Crawl Stone Soup version 0.20-a0-893-g832831a (webtiles) character file.

541 nikopol the Magician (level 7, -2/36 HPs)
             Began as a Deep Elf Fire Elementalist on Mar 16, 2017.
             Was an Initiate of Vehumet.
             Splashed by Pikel's acid (17 damage)
             ... on level 4 of the Dungeon.
             The game lasted 00:26:10 (4853 turns).

nikopol the Magician (Deep Elf Fire Elementalist)   Turns: 4853, Time: 00:26:10

Health: -2/36      AC:  0    Str:  5    XL:     7   Next: 5%
Magic:  10/18      EV: 15    Int: 22    God:    Vehumet [......]
Gold:   190        SH:  0    Dex: 15    Spells: 7/18 levels left

rFire    . . .     SeeInvis .   n - +2 dagger (elec)
rCold    . . .     Gourm    .   a - +0 robe
rNeg     + . .     Faith    .   (no shield)
rPois    .         Spirit   .   (no helmet)
rElec    .         Reflect  .   r - +1 cloak
rCorr    .         Harm     .   (no gloves)
MR       .....                  (no boots)
Stlth    ++........             (no amulet)
Regen    0.2/turn               y - ring of positive energy
MPRegen  0.2/turn               x - ring of wizardry

@: corroded
A: no striking features
a: Renounce Religion


You were on level 4 of the Dungeon.
You worshipped Vehumet.
Vehumet was noncommittal.
You were not hungry.

You visited 2 branches of the dungeon, and saw 5 of its levels.

You collected 190 gold pieces.

Inventory:

Hand Weapons
 n - a +2 dagger of electrocution (weapon)
Armour
 a - a +0 robe (worn)
 r - a +1 cloak (worn)
Jewellery
 x - a ring of wizardry (left hand)
 y - a ring of positive energy (right hand)
Scrolls
 e - a scroll of enchant armour {unknown}
 i - 2 scrolls of identify
 j - 2 scrolls of random uselessness {unknown}
 k - 3 scrolls of remove curse
 m - 2 scrolls of teleportation {unknown}
 o - 2 scrolls of noise {unknown}
 t - a scroll of blinking {unknown}
 u - 2 scrolls of immolation {unknown}
 v - a scroll of fog {unknown}
 w - a scroll of recharging {unknown}
Potions
 d - a potion of brilliance {unknown}
 f - a potion of lignification {unknown}
 h - 2 potions of haste
 l - 2 potions of curing
 p - a potion of invisibility
 q - a potion of agility {unknown}
 s - a potion of mutation {unknown}
Books
 b - a book of Flames

   Spells                             Type                      Level
   a - Flame Tongue                   Conjuration/Fire             1
   b - Throw Flame                    Conjuration/Fire             2
   c - Conjure Flame                  Conjuration/Fire             3
   d - Inner Flame                    Hexes/Fire                   3
   e - Sticky Flame                   Conjuration/Fire             4
   f - Fireball                       Conjuration/Fire             5
Comestibles
 c - 3 bread rations


   Skills:
 + Level 4.7 Dodging
 - Level 2.7 Stealth
 + Level 6.0 Spellcasting
 + Level 4.0 Conjurations
 + Level 5.2 Fire Magic


You had 7 spell levels left.
You knew the following spells:

 Your Spells              Type           Power        Failure   Level  Hunger
a - Flame Tongue          Conj/Fire      ####.        1%          1    None
b - Throw Flame           Conj/Fire      ####..       1%          2    None
c - Conjure Flame         Conj/Fire      ####....     1%          3    #......
d - Fireball              Conj/Fire      ####......   16%         5    #####..


Dungeon Overview and Level Annotations

Branches:
Dungeon (4/15)             Temple (1/1) D:4

Altars:
Cheibriados
Dithmenos
Elyvilon
Fedhas
Gozag
Hepliaklqana
Kikubaaqudgha
Makhleb
Nemelex Xobeh
Ru
Sif Muna
Trog
Vehumet
Wu Jian
Xom
Yredelemnul
Zin
The Shining One

Shops:
D:4 ?

Annotations:
D:4 Pikel


Message History

Pikel is moderately wounded.
Casting: Flame Tongue
Confirm with . or Enter, or press ? or * to list all spells.
Aiming: Flame Tongue
Press: ? - help, Shift-Dir - straight line, f/p - Pikel
Aim: Pikel, wielding a whip of freezing, wearing a robe and carrying a wand of acid (?/15) {zapped: 1} (moderately wounded)
The flame tongue hits Pikel.
Pikel is severely wounded.
Pikel zaps a wand.
The bolt of acid misses you.
Casting: Flame Tongue
Confirm with . or Enter, or press ? or * to list all spells.
Aiming: Flame Tongue
Press: ? - help, Shift-Dir - straight line, f/p - Pikel
Aim: Pikel, wielding a whip of freezing, wearing a robe and carrying a wand of acid (?/15) {zapped: 2} (severely wounded)
The flame tongue hits Pikel.
Pikel is almost dead.
Pikel zaps a wand.
The bolt of acid hits you!
Ouch! That really hurt!
The acid corrodes you!
You are splashed with acid!
The acid burns!
You die...

..# #..# #.# ..# #..# #.#
..# #..# #.# ..#
##..####.# ..# #.....##K#
..# #......#ยง# ..#
####........# ..#
#...........# ..#
#.##.....@.## ..#
#.##..#...## ..##
#.##..##..# .(.#
#.....##..# #..#
##..#.###..# #..# #.....#
#..########
#..####..##.###.........#
#................######.#
##.####.###.###### #.#


You could see Pikel.

Vanquished Creatures
  The ghost of StylePro the Covert, an amateur SpAs (D:4)
  3 slaves (D:4)
  The ghost of kroki the Chopper, an amateur MiAK of Lugonu (D:3)
  A bullfrog (D:4)
  A hound (D:3)
  Terence (D:2)
  An iguana (D:4)
  A gnoll (D:1)
  3 adders
  An ooze (D:4)
  3 worms
  4 dart slugs (D:1)
  4 leopard geckos
  3 orcs
  5 giant cockroaches
  16 goblins
  8 hobgoblins
  5 jackals (D:2)
  9 kobolds
  2 quokkas (D:4)
  13 bats
  3 frilled lizards
  11 rats
100 creatures vanquished.

Notes
Turn   | Place    | Note
-------+----------+-------------------------------------------
     0 | D:1      | nikopol the Deep Elf Fire Elementalist began the quest for the Orb.
     0 | D:1      | Reached XP level 1. HP: 10/10 MP: 6/6
   287 | D:1      | Reached XP level 2. HP: 11/15 MP: 0/8
   291 | D:1      | Learned a level 2 spell: Throw Flame
   614 | D:1      | Reached XP level 3. HP: 19/19 MP: 7/10
   809 | D:1      | Learned a level 3 spell: Conjure Flame
   916 | D:1      | Reached skill level 4 in Spellcasting
  1252 | D:2      | Reached XP level 4. HP: 24/24 MP: 6/12
  1470 | D:2      | Noticed Terence
  1485 | D:2      | Killed Terence
  2343 | D:3      | Noticed kroki's ghost (amateur MiAK)
  2391 | D:3      | Killed kroki's ghost
  2391 | D:3      | Reached skill level 5 in Spellcasting
  2391 | D:3      | Reached XP level 5. HP: 28/28 MP: 1/14
  2489 | D:3      | Learned a level 5 spell: Fireball
  3156 | D:4      | Reached XP level 6. HP: 8/32 MP: 10/16
  3478 | D:4      | Found Casis's Magic Scroll Shop.
  3513 | D:4      | Noticed StylePro's ghost (amateur SpAs)
  3675 | D:4      | Noticed Pikel
  3675 | D:4      | Noticed a slave
  3676 | D:4      | Noticed a slave
  3677 | D:4      | Found a staircase to the Ecumenical Temple.
  3678 | D:4      | Noticed a slave
  3678 | D:4      | Noticed a slave
  3705 | D:4      | Killed a slave
  3904 | Temple   | Entered the Ecumenical Temple
  3973 | Temple   | Became a worshipper of Vehumet
  4323 | D:4      | Killed StylePro's ghost
  4323 | D:4      | Reached skill level 6 in Spellcasting
  4323 | D:4      | Reached skill level 5 in Fire Magic
  4323 | D:4      | Reached XP level 7. HP: 24/36 MP: 7/18
  4853 | D:4      | Splashed by Pikel's acid

Vault maps used:
D:1:      tarquinn_simple_flora_water_d, st_stairs_8, minmay_pentomino_v4
D:2:      kennysheep_goblin_castle, first_bread, corexii_shack, uniq_terence
D:4:      minmay_temple_entry_glass, serial_shops, shop, uniq_pikel
Temple:   dpeg_five_rooms_temple

Skill      XL: |  1  2  3  4  5  6  7 |
---------------+----------------------+-----
Spellcasting   | 4 5 6 |  6.0
Conjurations   | 2 3 4 |  4.0
Dodging        | 3 4 |  4.7
Fire Magic     | 4 5 |  5.2
Stealth        | |  2.7

Action                   |  1- 3 |  4- 6 |  7- 9 || total
-------------------------+-------+-------+-------++-------
Melee: Dagger            |     1 |     2 |       ||     3
 Cast: Flame Tongue      |    71 |   120 |    23 ||   214
       Throw Flame       |       |     6 |       ||     6
       Conjure Flame     |       |     4 |     3 ||     7
  Use: Scroll            |       |     5 |       ||     5
  Eat: Chunk             |     1 |     7 |     2 ||    10
       Royal jelly       |       |     1 |       ||     1
Armor: Robe              |     7 |     7 |       ||    14
Dodge: Dodged            |    20 |    31 |     2 ||    53
